 Dungeon Crawl Stone Soup version 0.27.1-35-g4d5d836560 (console) character file.

Game seed: 3174609197692654876

124 grimtooth the Skirmisher (level 4, 0/37 HPs)
             Began as a Demonspawn Abyssal Knight on May 31, 2022.
             Was a Believer of Lugonu.
             Slain by a gnoll (7 damage)
             ... on level 3 of the Dungeon.
             The game lasted 00:09:41 (3163 turns).

grimtooth the Skirmisher (DsAK)                     Turns: 3163, Time: 00:09:41

Health: 0/37       AC:  3    Str: 12    XL:     4   Next: 81%
Magic:  5/5        EV: 11    Int: 13    God:    Lugonu [**....]
Gold:   90         SH:  0    Dex: 16    Spells: 2/3 levels left

rFire    . . .     SeeInvis .   a - +1 mace
rCold    . . .     Faith    .   (no shield)
rNeg     . . .     Spirit   .   k - +0 leather armour
rPois    +         Reflect  .   (no helmet)
rElec    .         Harm     .   (no cloak)
rCorr    .         Rampage  .   (no gloves)
Will     .....                  (no boots)
Stlth    ++........             (no amulet)
HPRegen  0.12/turn              d - ring of poison resistance
MPRegen  0.09/turn              (no ring)

@: studying Spellcasting
A: thin skeletal structure 1, demonic magic 1
a: Renounce Religion, Depart the Abyss, Bend Space


You were on level 3 of the Dungeon.
You worshipped Lugonu.
Lugonu was pleased with you.
You visited 1 branch of the dungeon, and saw 3 of its levels.
You visited the Abyss 1 time.

You collected 90 gold pieces.

Inventory:

Hand Weapons
 a - a +1 mace (weapon)
 b - a +0 hunting sling
Missiles
 c - 41 stones (quivered)
Armour
 k - a +0 leather armour (worn)
Jewellery
 d - a ring of poison resistance (left hand)
 o - a ring of fire
Scrolls
 e - a scroll of enchant weapon {unknown}
 g - 3 scrolls of magic mapping
 h - a scroll of identify {unknown}
 i - a scroll of summoning {unknown}
 l - a scroll of teleportation
 n - a scroll of fear {unknown}
 q - a scroll of noise {unknown}
Potions
 f - a potion of curing
 j - a potion of might {unknown}
 m - a potion of degeneration {unknown}
 p - a potion of invisibility {unknown}


   Skills:
 + Level 4.0 Fighting
 * Level 3.9 Maces & Flails
 - Level 1.7 Armour
 - Level 0.8 Dodging
 - Level 2.4 Invocations


You had 2 spell levels left.
You knew the following spells:

 Your Spells              Type           Power      Damage    Failure   Level
a - Summon Small Mammal   Summ           0%         N/A       36%         1

Your spell library contained the following spells:

 Spells                   Type           Power      Damage    Failure   Level
 Call Canine Familiar     Summ           0%         N/A       75%         3
 Summon Guardian Golem    Hex/Summ       0%         N/A       75%         3


Dungeon Overview and Level Annotations

Branches:
Dungeon (3/15)

Altars:

Annotations:
D:3 3 runed translucent doors


Innate Abilities, Weirdness & Mutations

You have a somewhat thin skeletal structure. (Dex +2, Stealth+)
Spells you cast may paralyse adjacent enemies.


Message History

Throw: 42 stones
Press: ? - help, Q - select action, (/) - cycle Shift-Dir - straight line, f - gnoll
Aim: a gnoll, wielding a +0 flail (64% to hit)
You throw a stone. The stone hits the gnoll.
The gnoll is lightly wounded.
The gnoll barely misses you.
You closely miss the gnoll.
The gnoll is lightly wounded.
The gnoll closely misses you.
You sock the gnoll!
The gnoll is severely wounded.
The gnoll hits you with a +0 flail.
You hit the gnoll but do no damage.
The gnoll is severely wounded.
The gnoll hits you with a +0 flail!
You closely miss the gnoll.
The gnoll is heavily wounded.
The gnoll hits you with a +0 flail.
You hit the gnoll but do no damage.
The gnoll is heavily wounded.
The gnoll hits you with a +0 flail. The gnoll closely misses you.
You closely miss the gnoll.
The gnoll is heavily wounded.
The gnoll hits you with a +0 flail!
* * * LOW HITPOINT WARNING * * *
You hit the gnoll.
You kill the gnoll!
Lugonu accepts your kill.
Your Fighting skill increases to level 4!
Things that are here:
a +0 flail; a gnoll corpse
Okay, then.
You thump the gnoll!
The gnoll is severely wounded.
The gnoll hits you with a +0 club.
* * * LOW HITPOINT WARNING * * *
You closely miss the gnoll.
The gnoll is severely wounded.
The gnoll barely misses you. The gnoll hits you with a +0 club!
You die...

###### .....#
############ ####.#
#..........# #.#
#.########.#### #.#
#.......g@....# ####.#
#..#######.##.#
.....###<.# #.##.#
.##...##..#### #.##.#
.......).....# #.##.#
###...##..##.####.##.#
.###.###..........##.#
.###.###..##.###..##.#
..................##.#
####.####.##.###.###.#
#.####.##.###.# #.#


You could see a gnoll.

Vanquished Creatures
  A hound (D:2)
  5 gnolls (D:3)
  An adder (D:3)
  6 ball pythons
  2 endoplasms
  5 goblins
  7 hobgoblins
  2 quokkas
  2 bats
  A frilled lizard (D:1)
  4 kobolds
  3 rats
39 creatures vanquished.

Notes
Turn   | Place    | Note
-------+----------+-------------------------------------------
     0 | Abyss:1  | grimtooth the Demonspawn Abyssal Knight began the quest for
                  | the Orb.
     0 | Abyss:1  | Reached XP level 1. HP: 18/18 MP: 2/2
    35 | D:1      | Escaped the Abyss
   532 | D:1      | Found a faded altar of an unknown god.
   535 | D:1      | Gained mutation: You have a somewhat thin skeletal
                  | structure. (Dex +2, Stealth+) [demonic ancestry]
   535 | D:1      | Reached XP level 2. HP: 23/24 MP: 3/3
  1224 | D:2      | Gained mutation: Spells you cast may paralyse adjacent
                  | enemies. [demonic ancestry]
  1224 | D:2      | Reached XP level 3. HP: 11/29 MP: 4/4
  1423 | D:2      | Learned a level 1 spell: Summon Small Mammal
  2240 | D:3      | Reached XP level 4. HP: 24/37 MP: 5/5
  2392 | D:3      | Reached ** piety under Lugonu
  2442 | D:3      | - oh great
  3006 | D:3      | Found a runed translucent gate.
  3006 | D:3      | Found a runed translucent gate.
  3006 | D:3      | Found a runed translucent gate.
  3128 | D:3      | Reached skill level 4 in Fighting
  3163 | D:3      | Slain by a gnoll

Illustrated notes

#.##.# #.###.# # #.#
#.### ###.#####.#.
##...........
#.######....#####...
#.........รท#######.# .
.#######...........# ...
#..#######.##
.g...#######..# ##.##
.......@...#..######...#
...##.....gg............
######.##..#####...#
#.##..# ##>## #.##..#
#.# #.##).# #.## #.##..#
#... . #.##..# ####
....##.##..#
#..........#
#......###.#


Turn 2442 on D:3: - oh great

Levels and vault maps discovered:
D:1:      dpeg_arrival_castle, layout_basic,
          hellmonk_ecumenical_altar_inner_sanctum, minivault_24
D:2:      layout_basic
D:3:      layout_loops_ring, gammafunk_ghost_icy

Skill      XL: |  1  2  3  4 |
---------------+-------------+-----
Maces & Flails | 2 3 |  3.9
Fighting       | 4 |  4.0
Armour         | |  1.7
Dodging        | |  0.8
Invocations    | |  2.4

Action                   |  1- 3 |  4- 6 || total
-------------------------+-------+-------++-------
Melee: Mace              |    84 |    23 ||   107
 Fire: Hunting sling     |    26 |    14 ||    40
Throw: Stone             |    18 |     1 ||    19
 Cast: Summon Small Mamm |     2 |     1 ||     3
Invok: Bend Space        |       |     1 ||     1
  Use: Potion            |     1 |       ||     1
       Scroll            |     1 |     1 ||     2
 Stab: Sleeping          |     3 |       ||     3
Armor: Leather armour    |    20 |       ||    20
Dodge: Dodged            |    63 |    16 ||    79
